Bears vs Rocket

Created - February 15, 2023 at 19:31

Goals
1 2 3 T
Bears 1 2 0 3
Rocket 2 4 3 9
Shots
1 2 3 T
Bears 8 7 12 27
Rocket 11 16 7 34

1st period

1. Rocket , Adrian Kempe 34 (Danton Heinen 38, Corey Trivino 34) at 6:00
2. Bears , A.J. Jenks 17 (Zach Stepan 16) at 6:18
3. Rocket , Kole Sherwood 5 (Adam Fox 16, Dominic Turgeon 12) at 14:44

Penalties :
Kerby Rychel (Her) for Goalie Interference (Minor) at 9:35, Jamie McGinn (Her) for Hooking (Minor) at 12:01

2nd period

4. Rocket , Brandon Pirri 21 (Adam Fox 17, Peter Holland 26) at 5:46
5. Bears , Sam Carrick 16 (Max Friberg 35, Kerby Rychel 30) at 8:22
6. Rocket , Sergey Tolchinsky 7 (Karson Kuhlman 8) at 11:30
7. Rocket , Danton Heinen 29 (Adrian Kempe 40, Corey Trivino 35) at 14:33
8. Rocket , Peter Holland 16 (Scott Wilson 26) at 17:51
9. Bears , Zach Stepan 11 (Joshua Leivo 21, A.J. Jenks 12) at 18:02

Penalties :
Angelo Esposito (Her) for Hooking (Minor) at 1:35, Scott Wilson (Lav) for Hooking (Minor) at 15:03

3rd period

10. Rocket , Adam Fox 3 (Adrian Kempe 41, Danton Heinen 39) at 4:10 (PP)
11. Rocket , Adrian Kempe 35 (Danton Heinen 40, Adam Fox 18) at 5:38
12. Rocket , Brandon Pirri 22 (Peter Holland 27, Scott Wilson 27) at 7:12

Penalties :
Jamie McGinn (Her) for Hooking (Minor) at 3:59, Adam Fox (Lav) for Hooking (Minor) at 11:30, Danton Heinen (Lav) for High sticking (Minor) at 16:08

Goalie Stats

Jake Allen (Her), 20 saves from 26 shots - (0.769), L, 13-15-2, 37:51 minutes
Sami Aittokallio (Her), 5 saves from 8 shots - (0.625), 22:09 minutes
Igor Shesterkin (Lav), 24 saves from 27 shots - (0.889), W, 20-8-4, 60:00 minutes

Players Stats for Bears

Player Name              G  A  P  +/- PIM S  H  SB GA TA FO     MP     PP MP  PK MP  
------------------------------------------------------------------------------------
A.J. Jenks               1  1  2  -2  0   5  0  0  0  0  0/0    18:43   2:29   1:16 
Angelo Esposito          0  0  0  -1  2   0  1  0  0  0  1/2     9:13   0:00   0:28 
Austin Wuthrich          0  0  0  -1  0   1  2  0  0  0  0/0     8:10   0:57   0:00 
Derek Forbort            0  0  0  -4  0   0  1  3  0  2  0/0    29:26   2:57   3:28 
Gianluca Curcuruto       0  0  0   0  0   0  2  0  0  0  0/0    10:07   0:00   0:05 
Jamie McGinn             0  0  0  -1  4   1  2  1  0  0  0/0     9:13   1:14   0:13 
Joey Laleggia            0  0  0  -4  0   2  0  4  0  1  0/0    29:26   2:57   3:28 
Joshua Leivo             0  1  1  -2  0   3  3  0  0  0  1/2    18:46   2:29   1:54 
Kerby Rychel             0  1  1  -1  2   5  4  1  1  0  0/0    20:36   2:14   1:17 
Max Friberg              0  1  1  -1  0   4  0  1  0  0  2/6    23:28   2:25   3:22 
Michael Prapavessis      0  0  0   0  0   0  0  0  0  0  0/0    10:07   0:00   0:05 
Mike Hoffman             0  0  0  -1  0   0  2  0  0  0  0/0     8:42   0:00   0:00 
Mikko Vainonen           0  0  0  -1  0   0  3  0  1  0  0/0    20:27   3:00   2:35 
Nicolas Aube-Kubel       0  0  0  -1  0   0  0  0  1  0  0/1     9:58   1:20   0:00 
Sam Carrick              1  0  1  -1  0   3  0  0  0  1  14/31  22:38   2:14   3:22 
Tommy Vannelli           0  0  0  -1  0   1  1  1  0  0  0/0    20:27   3:00   2:35 
Vincent Dunn             0  0  0  -1  0   0  0  0  0  0  2/5     7:29   0:00   0:24 
Zach Stepan              1  1  2  -2  0   2  2  1  0  0  10/22  16:52   2:29   0:00 

Players Stats for Rocket

Player Name              G  A  P  +/- PIM S  H  SB GA TA FO     MP     PP MP  PK MP  
------------------------------------------------------------------------------------
Adam Fox                 1  3  4   4  2   3  0  2  1  0  0/0    27:06   3:24   1:01 
Adrian Kempe             2  2  4   2  0   5  0  0  1  0  0/1    22:27   3:15   0:54 
Andrei Mironov           0  0  0   2  0   0  0  1  0  0  0/0    12:45   0:00   2:20 
Andrey Pedan             0  0  0  -1  0   4  2  4  0  0  0/0    21:48   2:44   3:51 
Brandon Pirri            2  0  2   1  0   2  1  0  0  0  0/1    16:03   2:53   0:28 
Corey Trivino            0  2  2   2  0   2  2  1  1  0  19/29  22:49   3:15   1:40 
Danton Heinen            1  3  4   2  2   5  2  0  1  1  2/2    21:12   3:15   0:00 
Dean Kukan               0  0  0  -1  0   1  1  2  0  1  0/0    19:54   0:00   3:37 
Dominic Turgeon          0  1  1   1  0   1  1  1  0  0  3/4    11:13   0:00   0:31 
Dylan DeMelo             0  0  0   2  0   0  0  0  0  0  0/0    12:51   2:44   1:05 
Jiri Sekac               0  0  0   1  0   3  1  0  0  0  0/0    13:48   0:00   3:46 
Karson Kuhlman           0  1  1   1  0   0  2  0  0  0  2/2     6:37   0:00   0:00 
Kole Sherwood            1  0  1   1  0   2  0  0  0  0  0/0    10:02   0:00   0:00 
Peter Holland            1  2  3   1  0   2  1  0  0  1  13/30  19:06   2:53   3:46 
Scott Wilson             0  2  2   1  2   2  3  1  0  0  0/0    15:45   2:53   0:00 
Sergey Tolchinsky        1  0  1   1  0   2  0  0  0  0  0/0     6:37   0:00   0:00 
Ty Rattie                0  0  0   1  0   0  1  0  0  0  0/0     7:42   0:00   0:49 
Viktor Loov              0  0  0   4  0   0  0  2  0  0  0/0    26:15   3:24   0:00 

3 Stars

1 - Adrian Kempe (Lav)
2 - Adam Fox (Lav)
3 - Danton Heinen (Lav)

Power Play

Bears - 0 on 3 Attempt(s) - 0.00%
Rocket - 1 on 4 Attempt(s) - 25.00%

Penalty Kill

Bears - 3 on 4 Attempt(s) - 75.00% - Score 0 goal in Penalty Kill
Rocket - 3 on 3 Attempt(s) - 100.00% - Score 0 goal in Penalty Kill

Team Stat

Bears - Hits : 23 - Faceoff Wins : 30 - Blocked Shots : 12 - Penalty Minutes : 8
Rocket - Hits : 17 - Faceoff Wins : 39 - Blocked Shots : 14 - Penalty Minutes : 6

Official

Referees : Brian Pochmara and Marc Joannette
Linesman : Ryan Galloway and Steve Miller

Game Notes

Sami Aittokallio enters game at 17:51 of 2nd period

Finance

Level 1 -- Attendance: 1677 (83.85%) -- Ticket Income $58,695
Level 2 -- Attendance: 887 (88.70%) -- Ticket Income $13,305
Total Attendance: 2564 (85.47%)
Total Ticket Income: $72,000
Other Income: $3,600
Total Income: $75,600

Bears

5 vs 5 Forward 
   Center                   Left Wing                Right Wing               Time % Phy DF OF 
 1 Sam Carrick              Kerby Rychel             Max Friberg              40     0   0  5  
 2 Zach Stepan              A.J. Jenks               Joshua Leivo             30     0   0  5  
 3 Angelo Esposito          Mike Hoffman             Nicolas Aube-Kubel       20     0   1  4  
 4 Vincent Dunn             Jamie McGinn             Austin Wuthrich          10     0   2  3  

5 vs 5 Defense 
   Defense                  Defense                                           Time % Phy DF OF 
 1 Joey Laleggia            Derek Forbort                                     40     0   2  3  
 2 Mikko Vainonen           Tommy Vannelli                                    30     0   3  2  
 3 Gianluca Curcuruto       Michael Prapavessis                               20     0   4  1  
 4 Joey Laleggia            Derek Forbort                                     10     0   3  2  

PowerPlay Forward 
   Center                   Left Wing                Right Wing               Time % Phy DF OF 
 1 Sam Carrick              Kerby Rychel             Max Friberg              60     0   0  5  
 2 Zach Stepan              A.J. Jenks               Joshua Leivo             40     0   0  5  

PowerPlay Defense
   Defense                  Defense                                           Time % Phy DF OF 
 1 Joey Laleggia            Derek Forbort                                     60     0   1  4  
 2 Mikko Vainonen           Tommy Vannelli                                    40     0   2  3  

Penalty Kill 4 Players Forward 
   Center                   Wing                     Time % Phy DF OF 
 1 Max Friberg              Sam Carrick              60     0   3  2  
 2 Joshua Leivo             Kerby Rychel             40     0   4  1  

Penalty Kill 4 Players Defense
   Defense                  Defense                  Time % Phy DF OF 
 1 Joey Laleggia            Derek Forbort            60     0   4  1  
 2 Mikko Vainonen           Tommy Vannelli           40     0   5  0  

Penalty Kill - 3 Players Forward 
   Forward                                           Time % Phy DF OF 
 1 Max Friberg                                       60     0   5  0  
 2 Sam Carrick                                       40     0   5  0  

Penalty Kill - 3 Players Defense
   Defense                  Defense                  Time % Phy DF OF 
 1 Joey Laleggia            Derek Forbort            60     0   5  0  
 2 Mikko Vainonen           Tommy Vannelli           40     0   5  0  

4 vs 4 Forward 
   Center                   Wing                     Time % Phy DF OF 
 1 Max Friberg              Sam Carrick              60     0   0  5  
 2 Joshua Leivo             Kerby Rychel             40     0   0  5  

4 vs 4 Defense
   Defense                  Defense                  Time % Phy DF OF 
 1 Joey Laleggia            Derek Forbort            60     0   2  3  
 2 Mikko Vainonen           Tommy Vannelli           40     0   3  2  

Last Minutes Offensive
   Center                   Left Wing                Right Wing               Defense                  Defense                  
   Sam Carrick              Kerby Rychel             Max Friberg              Joey Laleggia            Derek Forbort            

Last Minutes Defensive
   Center                   Left Wing                Right Wing               Defense                  Defense                  
   Sam Carrick              Kerby Rychel             Max Friberg              Joey Laleggia            Derek Forbort            

Goaltenders
Starting : Jake Allen               
Backup : Sami Aittokallio         

Extra Forwards
Normal : Max Friberg, Nicolas Aube-Kubel, Sam Carrick - PP : Max Friberg, Nicolas Aube-Kubel - PK : Max Friberg
Extra Defensemen
Normal : Joey Laleggia, Derek Forbort, Mikko Vainonen - PP : Tommy Vannelli - PK : Gianluca Curcuruto, Michael Prapavessis
Penalty Shots
Joshua Leivo, Nicolas Aube-Kubel, A.J. Jenks, Max Friberg, Kerby Rychel

Scratches
Brett Bulmer (Healthy), Colby Cave (Healthy), Emil Johansson (Healthy), Jesper Pettersson (Healthy), David Farrance (Healthy)
Mackenze Stewart (Healthy), Zack Hayes (Healthy), Jacob Bryson (Healthy), Mario Ferraro (Healthy), Will Reilly (Healthy)
Kristians Rubins (Healthy), Nikolay Prokhorkin (Healthy), Ryan Graves (Healthy), Isaac Ratcliffe (Healthy), Cole Smith (Healthy)
Warren Foegele (Healthy), Logan O'Connor (Healthy), Nicholas Caamano (Healthy), Jakob Stenqvist (Healthy), Arvid Henrikson (Healthy)
Kirill Maksimov (Healthy)

Rocket

5 vs 5 Forward 
   Center                   Left Wing                Right Wing               Time % Phy DF OF 
 1 Corey Trivino            Adrian Kempe             Danton Heinen            40     0   2  3  
 2 Peter Holland            Brandon Pirri            Scott Wilson             30     0   2  3  
 3 Dominic Turgeon          Jiri Sekac               Kole Sherwood            20     0   2  3  
 4 Karson Kuhlman           Sergey Tolchinsky        Ty Rattie                10     0   2  3  

5 vs 5 Defense 
   Defense                  Defense                                           Time % Phy DF OF 
 1 Viktor Loov              Adam Fox                                          40     0   2  3  
 2 Dean Kukan               Andrey Pedan                                      30     0   2  3  
 3 Dylan DeMelo             Andrei Mironov                                    20     0   2  3  
 4 Adam Fox                 Viktor Loov                                       10     0   2  3  

PowerPlay Forward 
   Center                   Left Wing                Right Wing               Time % Phy DF OF 
 1 Corey Trivino            Adrian Kempe             Danton Heinen            60     0   1  4  
 2 Peter Holland            Brandon Pirri            Scott Wilson             40     0   1  4  

PowerPlay Defense
   Defense                  Defense                                           Time % Phy DF OF 
 1 Viktor Loov              Adam Fox                                          60     0   2  3  
 2 Dylan DeMelo             Andrey Pedan                                      40     0   2  3  

Penalty Kill 4 Players Forward 
   Center                   Wing                     Time % Phy DF OF 
 1 Peter Holland            Jiri Sekac               60     0   4  1  
 2 Corey Trivino            Ty Rattie                40     0   4  1  

Penalty Kill 4 Players Defense
   Defense                  Defense                  Time % Phy DF OF 
 1 Andrey Pedan             Dean Kukan               60     0   4  1  
 2 Adam Fox                 Andrei Mironov           40     0   4  1  

Penalty Kill - 3 Players Forward 
   Forward                                           Time % Phy DF OF 
 1 Karson Kuhlman                                    60     0   5  0  
 2 Dominic Turgeon                                   40     0   5  0  

Penalty Kill - 3 Players Defense
   Defense                  Defense                  Time % Phy DF OF 
 1 Viktor Loov              Dean Kukan               60     0   5  0  
 2 Adam Fox                 Andrey Pedan             40     0   5  0  

4 vs 4 Forward 
   Center                   Wing                     Time % Phy DF OF 
 1 Dominic Turgeon          Jiri Sekac               60     0   2  3  
 2 Karson Kuhlman           Sergey Tolchinsky        40     0   2  3  

4 vs 4 Defense
   Defense                  Defense                  Time % Phy DF OF 
 1 Andrei Mironov           Dean Kukan               60     0   2  3  
 2 Dylan DeMelo             Andrey Pedan             40     0   2  3  

Last Minutes Offensive
   Center                   Left Wing                Right Wing               Defense                  Defense                  
   Corey Trivino            Adrian Kempe             Danton Heinen            Viktor Loov              Adam Fox                 

Last Minutes Defensive
   Center                   Left Wing                Right Wing               Defense                  Defense                  
   Corey Trivino            Adrian Kempe             Danton Heinen            Viktor Loov              Dean Kukan               

Goaltenders
Starting : Igor Shesterkin          
Backup : Eamon McAdam             

Extra Forwards
Normal : Danton Heinen, Adrian Kempe, Brandon Pirri - PP : Danton Heinen, Adrian Kempe - PK : Jiri Sekac
Extra Defensemen
Normal : Adam Fox, Viktor Loov, Dean Kukan - PP : Adam Fox - PK : Dylan DeMelo, Andrei Mironov
Penalty Shots
Adrian Kempe, Danton Heinen, Brandon Pirri, Corey Trivino, Peter Holland

Scratches
Branden Troock (Healthy), Dalton Smith (Healthy), Daniel Sprong (Healthy), Reese Johnson (Healthy), Guillaume Brisebois (Healthy)
Jack Glover (Healthy), Jakub Vrana (Healthy), Mason Appleton (Healthy), Ryan Collins (Healthy), Tyler Lewington (Healthy)
MacKenzie Entwistle (Healthy), Luke Kunin (Healthy), Mikhail Maltsev (Healthy)

% Time on Ice - Bears

Lines # - Real PCT - Wanted PCT - Time Play
Normal Forward
1 - 37% - 40% - 17:45
2 - 30% - 30% - 14:23
3 - 18% - 20% - 8:42
4 - 15% - 10% - 7:05
Normal Defense
1 - 39% - 40% - 18:44
2 - 31% - 30% - 14:52
3 - 21% - 20% - 9:58
4 - 9% - 10% - 4:21
PP Forward
1 - 47% - 60% - 2:48
2 - 53% - 40% - 3:09
PP Defense
1 - 50% - 60% - 2:57
2 - 50% - 40% - 3:00
PK Forward
1 - 69% - 60% - 4:14
2 - 31% - 40% - 1:54
PK Defense
1 - 58% - 60% - 3:33
2 - 42% - 40% - 2:35
PK3 Forward
1 - 0% - 60%
2 - 0% - 40%
PK3 Defense
1 - 0% - 60%
2 - 0% - 40%
44 Forward
1 - 0% - 60%
2 - 0% - 40%
44 Defense
1 - 0% - 60%
2 - 0% - 40%
Last Minute Offensive  - 0:00
Last Minute Defensive  - 0:00
Total
Forward - 60:00
Defense - 60:00

% Time on Ice - Rocket

Lines # - Real PCT - Wanted PCT - Time Play
Normal Forward
1 - 38% - 40% - 18:18
2 - 27% - 30% - 12:58
3 - 21% - 20% - 10:02
4 - 14% - 10% - 6:37
Normal Defense
1 - 43% - 40% - 20:28
2 - 32% - 30% - 15:18
3 - 19% - 20% - 9:17
4 - 6% - 10% - 2:52
PP Forward
1 - 53% - 60% - 3:15
2 - 47% - 40% - 2:53
PP Defense
1 - 55% - 60% - 3:24
2 - 45% - 40% - 2:44
PK Forward
1 - 86% - 60% - 5:08
2 - 14% - 40% - 0:49
PK Defense
1 - 61% - 60% - 3:37
2 - 39% - 40% - 2:20
PK3 Forward
1 - 0% - 60%
2 - 0% - 40%
PK3 Defense
1 - 0% - 60%
2 - 0% - 40%
44 Forward
1 - 0% - 60%
2 - 0% - 40%
44 Defense
1 - 0% - 60%
2 - 0% - 40%
Last Minute Offensive  - 0:00
Last Minute Defensive  - 0:00
Total
Forward - 60:00
Defense - 60:00

Play-by-Play

1st period


0:01 of 1st period - Corey Trivino wins face-off versus Sam Carrick in neutral zone.
0:53 of 1st period - Snap shot by Mike Hoffman.
0:53 of 1st period - Shot Blocked by Andrey Pedan.
0:57 of 1st period - Slapshot by Mike Hoffman.
0:57 of 1st period - Shot Misses the Net.
1:28 of 1st period - Icing by Tommy Vannelli.
1:29 of 1st period - Danton Heinen wins face-off versus Vincent Dunn in Bears zone.
3:22 of 1st period - Slapshot by Austin Wuthrich.
3:22 of 1st period - Shot Misses the Net.
3:40 of 1st period - Viktor Loov is hit by Joshua Leivo and loses puck.
4:18 of 1st period - Tommy Vannelli is hit by Andrey Pedan and loses puck.
4:35 of 1st period - Snap shot by Austin Wuthrich.
4:35 of 1st period - Stopped by Igor Shesterkin without a rebound.
4:36 of 1st period - Vincent Dunn wins face-off versus Corey Trivino in Rocket zone.
4:37 of 1st period - Slapshot by Jamie McGinn.
4:37 of 1st period - Shot Blocked by Dean Kukan.
4:45 of 1st period - Snap shot by Adrian Kempe.
4:45 of 1st period - Stopped by Jake Allen with a rebound.
4:47 of 1st period - Slapshot by Andrey Pedan.
4:47 of 1st period - Stopped by Jake Allen with a rebound.
5:01 of 1st period - Snap shot by Danton Heinen.
5:01 of 1st period - Stopped by Jake Allen without a rebound.
5:02 of 1st period - Peter Holland wins face-off versus Sam Carrick in Bears zone.
5:33 of 1st period - Slapshot by Kole Sherwood.
5:33 of 1st period - Deflect By Jiri Sekac.
5:33 of 1st period - Shot Misses the Net.
5:33 of 1st period - Puck is out of play.
5:34 of 1st period - Sam Carrick wins face-off versus Corey Trivino in Bears zone.
5:34 of 1st period - Sam Carrick is hit by Corey Trivino.
5:47 of 1st period - Icing by Adam Fox.
5:48 of 1st period - Corey Trivino wins face-off versus Zach Stepan in Rocket zone.
5:48 of 1st period - Corey Trivino is hit by Zach Stepan.
6:00 of 1st period - Wrist shot by Adrian Kempe.
6:00 of 1st period - Goal by Adrian Kempe - Bears : 0 - Rocket : 1.
6:01 of 1st period - Peter Holland wins face-off versus Max Friberg in neutral zone.
6:09 of 1st period - Off-side.
6:10 of 1st period - Sam Carrick wins face-off versus Peter Holland in neutral zone.
6:16 of 1st period - Icing by Adam Fox.
6:17 of 1st period - Zach Stepan wins face-off versus Peter Holland in Rocket zone.
6:18 of 1st period - Wrist shot by A.J. Jenks.
6:18 of 1st period - Goal by A.J. Jenks - Bears : 1 - Rocket : 1.
6:19 of 1st period - Corey Trivino wins face-off versus Sam Carrick in neutral zone.
7:07 of 1st period - Joshua Leivo is hit by Scott Wilson and loses puck.
7:14 of 1st period - Dean Kukan is hit by Mikko Vainonen and loses puck.
7:40 of 1st period - Wrist shot by Jiri Sekac.
7:40 of 1st period - Shot Misses the Net.
7:56 of 1st period - Off-side.
7:57 of 1st period - Zach Stepan wins face-off versus Peter Holland in neutral zone.
8:05 of 1st period - Slapshot by Zach Stepan.
8:05 of 1st period - Shot Misses the Net.
8:49 of 1st period - Wrist shot by Max Friberg.
8:49 of 1st period - Stopped by Igor Shesterkin with a rebound.
8:51 of 1st period - Slapshot by Mikko Vainonen.
8:51 of 1st period - Deflect By Sam Carrick.
8:51 of 1st period - Stopped by Igor Shesterkin without a rebound.
8:52 of 1st period - Sam Carrick wins face-off versus Corey Trivino in Rocket zone.
8:53 of 1st period - Backhand shot by Max Friberg.
8:53 of 1st period - Shot Misses the Net.
8:55 of 1st period - Slapshot by Mikko Vainonen.
8:55 of 1st period - Deflect By Max Friberg.
8:55 of 1st period - Stopped by Igor Shesterkin without a rebound.
8:56 of 1st period - Sam Carrick wins face-off versus Peter Holland in Rocket zone.
9:08 of 1st period - Off-side.
9:09 of 1st period - Zach Stepan wins face-off versus Corey Trivino in neutral zone.
9:35 of 1st period - Minor Penalty to Kerby Rychel for Goalie Interference.
9:36 of 1st period - Corey Trivino wins face-off versus Max Friberg in Bears zone.
9:55 of 1st period - Sam Carrick is hit by Danton Heinen and loses puck.
11:35 of 1st period - Penalty to Kerby Rychel is over, Kerby Rychel is back on ice.
11:38 of 1st period - Snap shot by Angelo Esposito.
11:38 of 1st period - Deflect By Kerby Rychel.
11:38 of 1st period - Stopped by Igor Shesterkin without a rebound.
11:39 of 1st period - Dominic Turgeon wins face-off versus Vincent Dunn in Rocket zone.
11:39 of 1st period - Dominic Turgeon is hit by Austin Wuthrich.
11:51 of 1st period - Snap shot by Dominic Turgeon.
11:51 of 1st period - Stopped by Jake Allen with a rebound.
11:53 of 1st period - Wrist shot by Dominic Turgeon.
11:53 of 1st period - Shot Blocked by Jamie McGinn.
12:01 of 1st period - Minor Penalty to Jamie McGinn for Hooking.
12:02 of 1st period - Danton Heinen wins face-off versus Max Friberg in Bears zone.
12:05 of 1st period - Wrist shot by Danton Heinen.
12:05 of 1st period - Shot Misses the Net.
12:07 of 1st period - Slapshot by Adam Fox.
12:07 of 1st period - Stopped by Jake Allen without a rebound.
12:08 of 1st period - Corey Trivino wins face-off versus Max Friberg in Bears zone.
12:32 of 1st period - Off-side.
12:33 of 1st period - Joshua Leivo wins face-off versus Peter Holland in neutral zone.
14:00 of 1st period - Adrian Kempe is hit by Mikko Vainonen and loses puck.
14:01 of 1st period - Penalty to Jamie McGinn is over, Jamie McGinn is back on ice.
14:15 of 1st period - Slapshot by Jiri Sekac.
14:15 of 1st period - Shot Misses the Net.
14:17 of 1st period - Wrist shot by Kole Sherwood.
14:17 of 1st period - Shot Blocked by Tommy Vannelli.
14:33 of 1st period - Snap shot by Max Friberg.
14:33 of 1st period - Shot Misses the Net.
14:35 of 1st period - Wrist shot by A.J. Jenks.
14:35 of 1st period - Stopped by Igor Shesterkin without a rebound.
14:36 of 1st period - Dominic Turgeon wins face-off versus Angelo Esposito in Rocket zone.
14:36 of 1st period - Dominic Turgeon is hit by Mike Hoffman.
14:44 of 1st period - Snap shot by Kole Sherwood.
14:44 of 1st period - Goal by Kole Sherwood - Bears : 1 - Rocket : 2.
14:45 of 1st period - Corey Trivino wins face-off versus Zach Stepan in neutral zone.
14:54 of 1st period - Slapshot by Joey Laleggia.
14:54 of 1st period - Shot Blocked by Adam Fox.
14:56 of 1st period - Backhand shot by Joshua Leivo.
14:56 of 1st period - Shot Blocked by Corey Trivino.
14:58 of 1st period - Wrist shot by A.J. Jenks.
14:58 of 1st period - Shot Blocked by Viktor Loov.
15:57 of 1st period - Off-side.
15:58 of 1st period - Corey Trivino wins face-off versus Sam Carrick in neutral zone.
16:01 of 1st period - Wrist shot by Danton Heinen.
16:01 of 1st period - Stopped by Jake Allen without a rebound.
16:02 of 1st period - Corey Trivino wins face-off versus Sam Carrick in Bears zone.
16:53 of 1st period - Snap shot by Kole Sherwood.
16:53 of 1st period - Stopped by Jake Allen with a rebound.
16:55 of 1st period - Slapshot by Andrey Pedan.
16:55 of 1st period - Shot Misses the Net.
16:57 of 1st period - Backhand shot by Andrey Pedan.
16:57 of 1st period - Shot Misses the Net.
17:13 of 1st period - Backhand shot by Danton Heinen.
17:13 of 1st period - Shot Misses the Net.
18:17 of 1st period - Joey Laleggia is hit by Corey Trivino and loses puck.
18:38 of 1st period - Sergey Tolchinsky is hit by Kerby Rychel and loses puck.
19:01 of 1st period - Wrist shot by Scott Wilson.
19:01 of 1st period - Deflect By Peter Holland.
19:01 of 1st period - Stopped by Jake Allen with a rebound.
19:23 of 1st period - Slapshot by Danton Heinen.
19:23 of 1st period - Stopped by Jake Allen without a rebound.
19:24 of 1st period - Corey Trivino wins face-off versus Zach Stepan in Bears zone.
19:32 of 1st period - Off-side.
19:33 of 1st period - Sam Carrick wins face-off versus Corey Trivino in neutral zone.
19:42 of 1st period - Snap shot by Kerby Rychel.
19:42 of 1st period - Shot Misses the Net.
19:44 of 1st period - Slapshot by Joey Laleggia.
19:44 of 1st period - Stopped by Igor Shesterkin with a rebound.
19:46 of 1st period - Wrist shot by Sam Carrick.
19:46 of 1st period - Shot Blocked by Adam Fox.
Goals for this period are 1 for Bears vs 2 for Rocket.
Shots for this period are 8 for Bears vs 11 for Rocket.

2nd period


0:01 of 2nd period - Corey Trivino wins face-off versus Sam Carrick in neutral zone.
0:26 of 2nd period - Joey Laleggia is hit by Dominic Turgeon and loses puck.
0:58 of 2nd period - Snap shot by Scott Wilson.
0:58 of 2nd period - Stopped by Jake Allen with a rebound.
1:00 of 2nd period - Snap shot by Scott Wilson.
1:00 of 2nd period - Deflect By Peter Holland.
1:00 of 2nd period - Shot Blocked by Joey Laleggia.
1:00 of 2nd period - Puck is out of play.
1:01 of 2nd period - Sam Carrick wins face-off versus Corey Trivino in Bears zone.
1:08 of 2nd period - Adrian Kempe is hit by Kerby Rychel and loses puck.
1:35 of 2nd period - Minor Penalty to Angelo Esposito for Hooking.
1:36 of 2nd period - Max Friberg wins face-off versus Peter Holland in Bears zone.
1:36 of 2nd period - Max Friberg is hit by Scott Wilson.
1:46 of 2nd period - Slapshot by Max Friberg.
1:46 of 2nd period - Stopped by Igor Shesterkin with a rebound.
2:53 of 2nd period - Slapshot by Joey Laleggia.
2:53 of 2nd period - Stopped by Igor Shesterkin with a rebound.
3:35 of 2nd period - Penalty to Angelo Esposito is over, Angelo Esposito is back on ice.
3:40 of 2nd period - Snap shot by Mike Hoffman.
3:40 of 2nd period - Shot Blocked by Dominic Turgeon.
4:00 of 2nd period - Andrey Pedan is hit by Austin Wuthrich and loses puck.
4:09 of 2nd period - Slapshot by Austin Wuthrich.
4:09 of 2nd period - Deflect By Vincent Dunn.
4:09 of 2nd period - Shot Misses the Net.
4:09 of 2nd period - Puck is out of play.
4:10 of 2nd period - Karson Kuhlman wins face-off versus Zach Stepan in Rocket zone.
4:10 of 2nd period - Karson Kuhlman is hit by Joshua Leivo.
4:18 of 2nd period - Wrist shot by Joshua Leivo.
4:18 of 2nd period - Shot Blocked by Viktor Loov.
4:28 of 2nd period - A.J. Jenks is hit by Karson Kuhlman and loses puck.
4:57 of 2nd period - Nicolas Aube-Kubel is hit by Danton Heinen and loses puck.
5:46 of 2nd period - Wrist shot by Brandon Pirri.
5:46 of 2nd period - Goal by Brandon Pirri - Bears : 1 - Rocket : 3.
5:47 of 2nd period - Sam Carrick wins face-off versus Adrian Kempe in neutral zone.
6:19 of 2nd period - Derek Forbort is hit by Peter Holland and loses puck.
6:24 of 2nd period - Wrist shot by Brandon Pirri.
6:24 of 2nd period - Shot Blocked by Derek Forbort.
6:40 of 2nd period - Snap shot by Jiri Sekac.
6:40 of 2nd period - Stopped by Jake Allen without a rebound.
6:41 of 2nd period - Sam Carrick wins face-off versus Corey Trivino in Bears zone.
7:48 of 2nd period - Vincent Dunn is hit by Karson Kuhlman and loses puck.
8:06 of 2nd period - Off-side.
8:07 of 2nd period - Corey Trivino wins face-off versus Sam Carrick in neutral zone.
8:10 of 2nd period - Slapshot by Andrey Pedan.
8:10 of 2nd period - Stopped by Jake Allen with a rebound.
8:22 of 2nd period - Slapshot by Sam Carrick.
8:22 of 2nd period - Goal by Sam Carrick - Bears : 2 - Rocket : 3.
8:23 of 2nd period - Corey Trivino wins face-off versus Sam Carrick in neutral zone.
8:30 of 2nd period - Wrist shot by Danton Heinen.
8:30 of 2nd period - Shot Blocked by Derek Forbort.
8:32 of 2nd period - Snap shot by Adam Fox.
8:32 of 2nd period - Stopped by Jake Allen without a rebound.
8:33 of 2nd period - Corey Trivino wins face-off versus Sam Carrick in Bears zone.
9:02 of 2nd period - Wrist shot by Adrian Kempe.
9:02 of 2nd period - Shot Misses the Net.
9:04 of 2nd period - Slapshot by Adam Fox.
9:04 of 2nd period - Shot Blocked by Kerby Rychel.
9:06 of 2nd period - Slapshot by Adam Fox.
9:06 of 2nd period - Shot Misses the Net.
9:08 of 2nd period - Slapshot by Adam Fox.
9:08 of 2nd period - Shot Blocked by Joey Laleggia.
9:10 of 2nd period - Snap shot by Adrian Kempe.
9:10 of 2nd period - Deflect By Danton Heinen.
9:10 of 2nd period - Shot Blocked by Joey Laleggia.
9:10 of 2nd period - Puck is out of play.
9:11 of 2nd period - Zach Stepan wins face-off versus Peter Holland in Bears zone.
9:41 of 2nd period - Dean Kukan is hit by Mike Hoffman and loses puck.
10:06 of 2nd period - Snap shot by Sergey Tolchinsky.
10:06 of 2nd period - Shot Misses the Net.
10:12 of 2nd period - Sergey Tolchinsky is hit by Jamie McGinn and loses puck.
10:47 of 2nd period - Snap shot by Scott Wilson.
10:47 of 2nd period - Shot Blocked by Joey Laleggia.
10:49 of 2nd period - Snap shot by Andrey Pedan.
10:49 of 2nd period - Stopped by Jake Allen with a rebound.
10:51 of 2nd period - Snap shot by Scott Wilson.
10:51 of 2nd period - Stopped by Jake Allen with a rebound.
10:53 of 2nd period - Slapshot by Dean Kukan.
10:53 of 2nd period - Stopped by Jake Allen with a rebound.
11:05 of 2nd period - Dominic Turgeon is hit by Angelo Esposito and loses puck.
11:26 of 2nd period - Icing by Sam Carrick.
11:27 of 2nd period - Karson Kuhlman wins face-off versus Sam Carrick in Bears zone.
11:30 of 2nd period - Snap shot by Sergey Tolchinsky.
11:30 of 2nd period - Goal by Sergey Tolchinsky - Bears : 2 - Rocket : 4.
11:31 of 2nd period - Corey Trivino wins face-off versus Sam Carrick in neutral zone.
11:38 of 2nd period - Off-side.
11:39 of 2nd period - Corey Trivino wins face-off versus Sam Carrick in neutral zone.
12:11 of 2nd period - Snap shot by Adrian Kempe.
12:11 of 2nd period - Shot Misses the Net.
12:13 of 2nd period - Snap shot by Danton Heinen.
12:13 of 2nd period - Shot Misses the Net.
12:15 of 2nd period - Wrist shot by Adrian Kempe.
12:15 of 2nd period - Shot Blocked by Max Friberg.
12:57 of 2nd period - Snap shot by Adrian Kempe.
12:57 of 2nd period - Shot Misses the Net.
12:59 of 2nd period - Snap shot by Corey Trivino.
12:59 of 2nd period - Stopped by Jake Allen with a rebound.
13:29 of 2nd period - Snap shot by Danton Heinen.
13:29 of 2nd period - Stopped by Jake Allen with a rebound.
13:31 of 2nd period - Wrist shot by Corey Trivino.
13:31 of 2nd period - Stopped by Jake Allen with a rebound.
14:01 of 2nd period - Snap shot by Adrian Kempe.
14:01 of 2nd period - Stopped by Jake Allen with a rebound.
14:11 of 2nd period - Snap shot by Danton Heinen.
14:11 of 2nd period - Shot Misses the Net.
14:31 of 2nd period - Snap shot by Danton Heinen.
14:31 of 2nd period - Shot Blocked by Derek Forbort.
14:33 of 2nd period - Snap shot by Danton Heinen.
14:33 of 2nd period - Goal by Danton Heinen - Bears : 2 - Rocket : 5.
14:34 of 2nd period - Zach Stepan wins face-off versus Brandon Pirri in neutral zone.
14:39 of 2nd period - Slapshot by Mikko Vainonen.
14:39 of 2nd period - Shot Misses the Net.
14:41 of 2nd period - Slapshot by Tommy Vannelli.
14:41 of 2nd period - Stopped by Igor Shesterkin without a rebound.
14:42 of 2nd period - Zach Stepan wins face-off versus Peter Holland in Rocket zone.
14:57 of 2nd period - Snap shot by Zach Stepan.
14:57 of 2nd period - Shot Misses the Net.
15:03 of 2nd period - Minor Penalty to Scott Wilson for Hooking.
15:04 of 2nd period - Peter Holland wins face-off versus Zach Stepan in Rocket zone.
15:55 of 2nd period - Backhand shot by Mikko Vainonen.
15:55 of 2nd period - Deflect By Jamie McGinn.
15:55 of 2nd period - Shot Blocked by Andrei Mironov.
15:55 of 2nd period - Puck is out of play.
15:56 of 2nd period - Peter Holland wins face-off versus Nicolas Aube-Kubel in Rocket zone.
16:20 of 2nd period - Andrei Mironov is hit by Derek Forbort and loses puck.
16:27 of 2nd period - Wrist shot by Jamie McGinn.
16:27 of 2nd period - Stopped by Igor Shesterkin without a rebound.
16:28 of 2nd period - Zach Stepan wins face-off versus Peter Holland in Rocket zone.
16:33 of 2nd period - Snap shot by A.J. Jenks.
16:33 of 2nd period - Stopped by Igor Shesterkin without a rebound.
16:34 of 2nd period - Peter Holland wins face-off versus Zach Stepan in Rocket zone.
17:03 of 2nd period - Penalty to Scott Wilson is over, Scott Wilson is back on ice.
17:06 of 2nd period - Dean Kukan is hit by Kerby Rychel and loses puck.
17:51 of 2nd period - Wrist shot by Peter Holland.
17:51 of 2nd period - Goal by Peter Holland - Bears : 2 - Rocket : 6.
17:51 of 2nd period - Sami Aittokallio enters game.
17:52 of 2nd period - Zach Stepan wins face-off versus Peter Holland in neutral zone.
17:55 of 2nd period - Adam Fox is hit by Tommy Vannelli and loses puck.
18:02 of 2nd period - Wrist shot by Joshua Leivo.
18:02 of 2nd period - Deflect By Zach Stepan.
18:02 of 2nd period - Goal by Zach Stepan - Bears : 3 - Rocket : 6.
18:03 of 2nd period - Peter Holland wins face-off versus Zach Stepan in neutral zone.
18:54 of 2nd period - Snap shot by Jiri Sekac.
18:54 of 2nd period - Stopped by Sami Aittokallio without a rebound.
18:55 of 2nd period - Dominic Turgeon wins face-off versus Zach Stepan in Bears zone.
Goals for this period are 2 for Bears vs 4 for Rocket.
Shots for this period are 7 for Bears vs 16 for Rocket.

3rd period


0:01 of 3rd period - Zach Stepan wins face-off versus Peter Holland in neutral zone.
0:09 of 3rd period - Icing by Scott Wilson.
0:10 of 3rd period - Peter Holland wins face-off versus Joshua Leivo in Rocket zone.
0:25 of 3rd period - Snap shot by Joshua Leivo.
0:25 of 3rd period - Stopped by Igor Shesterkin with a rebound.
0:27 of 3rd period - Slapshot by Joey Laleggia.
0:27 of 3rd period - Deflect By Joshua Leivo.
0:27 of 3rd period - Shot Blocked by Scott Wilson.
0:27 of 3rd period - Puck is out of play.
0:28 of 3rd period - Sam Carrick wins face-off versus Corey Trivino in Rocket zone.
1:12 of 3rd period - Slapshot by Jiri Sekac.
1:12 of 3rd period - Stopped by Sami Aittokallio with a rebound.
2:17 of 3rd period - Danton Heinen is hit by Zach Stepan and loses puck.
2:22 of 3rd period - Snap shot by Joshua Leivo.
2:22 of 3rd period - Stopped by Igor Shesterkin without a rebound.
2:23 of 3rd period - Corey Trivino wins face-off versus Zach Stepan in Rocket zone.
2:50 of 3rd period - Brandon Pirri is hit by Gianluca Curcuruto and loses puck.
3:52 of 3rd period - Off-side.
3:53 of 3rd period - Corey Trivino wins face-off versus Vincent Dunn in neutral zone.
3:59 of 3rd period - Minor Penalty to Jamie McGinn for Hooking.
4:00 of 3rd period - Max Friberg wins face-off versus Corey Trivino in Bears zone.
4:08 of 3rd period - Snap shot by Adrian Kempe.
4:08 of 3rd period - Stopped by Sami Aittokallio with a rebound.
4:10 of 3rd period - Snap shot by Adam Fox.
4:10 of 3rd period - Goal by Adam Fox - Bears : 3 - Rocket : 7.
4:11 of 3rd period - Peter Holland wins face-off versus Zach Stepan in neutral zone.
4:56 of 3rd period - Danton Heinen is hit by Jamie McGinn and loses puck.
5:38 of 3rd period - Slapshot by Adrian Kempe.
5:38 of 3rd period - Goal by Adrian Kempe - Bears : 3 - Rocket : 8.
5:39 of 3rd period - Peter Holland wins face-off versus Sam Carrick in neutral zone.
5:47 of 3rd period - Derek Forbort is hit by Andrey Pedan and loses puck.
6:14 of 3rd period - Off-side.
6:15 of 3rd period - Sam Carrick wins face-off versus Peter Holland in neutral zone.
6:18 of 3rd period - Brandon Pirri is hit by Kerby Rychel and loses puck.
6:25 of 3rd period - Snap shot by Kerby Rychel.
6:25 of 3rd period - Stopped by Igor Shesterkin without a rebound.
6:26 of 3rd period - Peter Holland wins face-off versus Sam Carrick in Rocket zone.
6:37 of 3rd period - Slapshot by Kerby Rychel.
6:37 of 3rd period - Stopped by Igor Shesterkin without a rebound.
6:38 of 3rd period - Corey Trivino wins face-off versus Sam Carrick in Rocket zone.
6:45 of 3rd period - Wrist shot by Kerby Rychel.
6:45 of 3rd period - Stopped by Igor Shesterkin with a rebound.
6:47 of 3rd period - Snap shot by Derek Forbort.
6:47 of 3rd period - Deflect By Kerby Rychel.
6:47 of 3rd period - Stopped by Igor Shesterkin with a rebound.
6:49 of 3rd period - Snap shot by Max Friberg.
6:49 of 3rd period - Deflect By Sam Carrick.
6:49 of 3rd period - Stopped by Igor Shesterkin with a rebound.
7:10 of 3rd period - Wrist shot by Brandon Pirri.
7:10 of 3rd period - Shot Misses the Net.
7:12 of 3rd period - Snap shot by Brandon Pirri.
7:12 of 3rd period - Goal by Brandon Pirri - Bears : 3 - Rocket : 9.
7:13 of 3rd period - Corey Trivino wins face-off versus Sam Carrick in neutral zone.
7:21 of 3rd period - Off-side.
7:22 of 3rd period - Sam Carrick wins face-off versus Corey Trivino in neutral zone.
7:52 of 3rd period - Slapshot by Sam Carrick.
7:52 of 3rd period - Shot Misses the Net.
8:40 of 3rd period - Snap shot by Max Friberg.
8:40 of 3rd period - Stopped by Igor Shesterkin without a rebound.
8:41 of 3rd period - Peter Holland wins face-off versus Zach Stepan in Rocket zone.
8:48 of 3rd period - Slapshot by Adam Fox.
8:48 of 3rd period - Deflect By Brandon Pirri.
8:48 of 3rd period - Deflect By Joshua Leivo.
8:48 of 3rd period - Shot Misses the Net.
8:48 of 3rd period - Puck is out of play.
8:49 of 3rd period - Peter Holland wins face-off versus Zach Stepan in Bears zone.
9:05 of 3rd period - Off-side.
9:06 of 3rd period - Angelo Esposito wins face-off versus Dominic Turgeon in neutral zone.
9:13 of 3rd period - Mikko Vainonen is hit by Jiri Sekac and loses puck.
9:32 of 3rd period - Viktor Loov is hit by Joshua Leivo and loses puck.
9:57 of 3rd period - Snap shot by Sergey Tolchinsky.
9:57 of 3rd period - Shot Blocked by Zach Stepan.
10:30 of 3rd period - Slapshot by Tommy Vannelli.
10:30 of 3rd period - Shot Blocked by Dean Kukan.
10:32 of 3rd period - Wrist shot by Zach Stepan.
10:32 of 3rd period - Shot Blocked by Andrey Pedan.
10:34 of 3rd period - Slapshot by Tommy Vannelli.
10:34 of 3rd period - Shot Misses the Net.
10:36 of 3rd period - Slapshot by Tommy Vannelli.
10:36 of 3rd period - Shot Misses the Net.
10:56 of 3rd period - Snap shot by A.J. Jenks.
10:56 of 3rd period - Stopped by Igor Shesterkin with a rebound.
10:58 of 3rd period - Wrist shot by Tommy Vannelli.
10:58 of 3rd period - Shot Misses the Net.
11:00 of 3rd period - Wrist shot by Zach Stepan.
11:00 of 3rd period - Shot Misses the Net.
11:02 of 3rd period - Slapshot by Tommy Vannelli.
11:02 of 3rd period - Shot Blocked by Andrey Pedan.
11:04 of 3rd period - Snap shot by A.J. Jenks.
11:04 of 3rd period - Stopped by Igor Shesterkin with a rebound.
11:06 of 3rd period - Wrist shot by A.J. Jenks.
11:06 of 3rd period - Shot Blocked by Andrey Pedan.
11:08 of 3rd period - Snap shot by Zach Stepan.
11:08 of 3rd period - Stopped by Igor Shesterkin without a rebound.
11:09 of 3rd period - Sam Carrick wins face-off versus Peter Holland in Rocket zone.
11:30 of 3rd period - Minor Penalty to Adam Fox for Hooking.
11:31 of 3rd period - Peter Holland wins face-off versus Sam Carrick in Rocket zone.
11:41 of 3rd period - Off-side.
11:42 of 3rd period - Sam Carrick wins face-off versus Peter Holland in neutral zone.
12:17 of 3rd period - Slapshot by Andrey Pedan.
12:17 of 3rd period - Stopped by Sami Aittokallio with a rebound.
13:30 of 3rd period - Penalty to Adam Fox is over, Adam Fox is back on ice.
13:41 of 3rd period - Adrian Kempe is hit by Gianluca Curcuruto and loses puck.
14:21 of 3rd period - Wrist shot by Sergey Tolchinsky.
14:21 of 3rd period - Stopped by Sami Aittokallio without a rebound.
14:22 of 3rd period - Vincent Dunn wins face-off versus Peter Holland in Bears zone.
14:46 of 3rd period - Zach Stepan is hit by Dean Kukan and loses puck.
14:52 of 3rd period - Icing by Zach Stepan.
14:53 of 3rd period - Zach Stepan wins face-off versus Peter Holland in Bears zone.
15:10 of 3rd period - Joshua Leivo is hit by Scott Wilson and loses puck.
16:08 of 3rd period - Minor Penalty to Danton Heinen for High sticking.
16:09 of 3rd period - Sam Carrick wins face-off versus Peter Holland in Rocket zone.
16:44 of 3rd period - Snap shot by Joshua Leivo.
16:44 of 3rd period - Stopped by Igor Shesterkin with a rebound.
18:08 of 3rd period - Penalty to Danton Heinen is over, Danton Heinen is back on ice.
18:23 of 3rd period - Viktor Loov is hit by Mikko Vainonen.
19:35 of 3rd period - Joey Laleggia is hit by Ty Rattie and loses puck.
19:59 of 3rd period - Sam Carrick is hit by Brandon Pirri and loses puck.
Goals for this period are 0 for Bears vs 3 for Rocket.
Shots for this period are 12 for Bears vs 7 for Rocket.